AoeStats
← AOELG_bravedave92

Arena

508839412Analyzed
2v2 RM · 9d ago on Sep 24, 2026· 46m 5s· 4 players
Game mode
Random Map
Map size
Medium (4 player)
Population
200
Speed
Normal
Resources
Standard
Victory
Conquest
Starting age
Dark Age
Ending age
Imperial Age
RankedLock teamsTeams togetherTeam positionsShared explorationLock speedFull tech treeHidden civsTurbo modeCheats
Victory
Defeat
🇩🇪 Persians · Germany
1126
+14
🇨🇭 Mongols · Switzerland
1060
+16
🇮🇹 Franks · Italy
1071
-15
🇮🇹 Varangians · Italy
1070
-15
GibbyPompiere
11:21 Feudal Age
9:38 Loom
12:03 Double-Bit Axe
17:34 Castle Age
18:40 Bow Saw
27:19 Fletching
28:28 Elite Skirmisher
28:37 Pikeman
30:27 Padded Archer Armor
30:24 Bodkin Arrow
36:34 Imperial Age
40:29 Imperial Age
battsimo99
9:49 Feudal Age
15:12 Castle Age
13:26 Double-Bit Axe
13:33 Horse Collar
13:54 Loom
15:13 Wheelbarrow
16:08 Fletching
16:19 Padded Archer Armor
16:46 Bow Saw
17:17 Stone Mining
22:14 Gold Mining
25:14 Bodkin Arrow
31:04 Imperial Age
28:31 Elite Skirmisher
29:58 Heavy Plow
35:13 Scale Mail Armor
37:35 Forging
38:30 Chain Mail Armor
38:28 Gambesons
38:45 Squires
41:21 Plate Mail Armor
41:27 Iron Casting
44:37 Conscription
44:39 Pikeman
frickman
10:40 Feudal Age
14:11 Castle Age
12:35 Double-Bit Axe
13:55 Loom
14:35 Horse Collar
16:17 Bow Saw
17:01 Gold Mining
18:01 Fletching
20:22 Padded Archer Armor
20:51 Heavy Plow
22:14 Leather Archer Armor
26:49 Wheelbarrow
28:50 Hand Cart
30:17 Gold Shaft Mining
32:23 Imperial Age
31:10 Bodkin Arrow
31:38 Ballistics
34:16 Chemistry
36:18 Stone Mining
37:38 Stone Shaft Mining
37:38 Bracer
37:48 Siege Engineers
37:54 Masonry
38:04 Bloodlines
39:12 Forging
39:07 Scale Barding Armor
40:13 Conscription
42:40 Thumb Ring
42:57 Murder Holes
43:26 Husbandry
44:40 Parthian Tactics
43:38 Light Cavalry
45:09 Iron Casting
44:54 Chain Barding Armor
45:09 Hussar
AOELG_bravedave92
7:40 Loom
10:48 Feudal Age
12:25 Loom
14:50 Castle Age
14:29 Double-Bit Axe
16:25 Wheelbarrow
17:28 Loom
18:51 Horse Collar
20:38 Heavy Plow
24:22 Bow Saw
24:33 Stone Mining
26:03 Forging
29:06 Imperial Age
26:56 Fletching
28:27 Hand Cart
29:44 Conscription
31:02 Scale Barding Armor
31:12 Bodkin Arrow
32:04 Iron Casting
33:16 Two-Man Saw
36:22 Blast Furnace
35:43 Chain Barding Armor
36:21 Kamandaran
36:34 Padded Archer Armor
37:26 Crop Rotation
36:50 Crossbowman
37:35 Thumb Ring
37:46 Gold Mining
38:35 Stone Shaft Mining
39:14 Chemistry
39:56 Ballistics
40:17 Elite War Elephant
42:07 Leather Archer Armor
42:28 Plate Barding Armor
45:09 Gold Shaft Mining
45:20 Scale Mail Armor
45:52 Ring Archer Armor
Connection lost

Rejoining the realm…

Still unreachable

The connection could not be restored.

Session expired

The server has moved on; the page needs a fresh start.